 Dungeon Crawl Stone Soup version 0.17.0-23-g0de4337 (webtiles) character file.

100 septik the Twirler (level 4, 0/28 HPs)
             Began as a Gargoyle Gladiator on Nov 14, 2015.
             Killed by nerve-wracking pain
             ... invoked by an orc priest
              (8 damage)
             ... on level 3 of the Dungeon.
             The game lasted 00:03:24 (2152 turns).

septik the Twirler (Gargoyle Gladiator)             Turns: 2152, Time: 00:03:25

Health: 0/28       AC: 13    Str: 19    XL:     4   Next: 74%
Magic:  4/4        EV: 11    Int:  8    God:
Gold:   99         SH:  0    Dex: 11    Spells: 0 memorised, 3 levels left

rFire  . . .     SeeInvis .     a - +0 quarterstaff
rCold  . . .     Clarity  .     j - +3 ring mail
rNeg   + . .     SustAt   .     (shield currently unavailable)
rPois  ∞         Gourm    .     c - +0 helmet
rElec  +         Spirit   .     (no cloak)
rCorr  .         Warding  .     (no gloves)
rMut   .         Stasis   .     (no boots)
MR     .....                    (no amulet)
Stlth  +.........               (no ring)
                                (no ring)

@: not resistant to hostile enchantments, very unstealthy
A: negative energy resistance 1, electricity resistance, unbreathing,
petrification resistance, rot immunity, AC +3
a: no special abilities


You were on level 3 of the Dungeon.
You were not hungry.

You visited 1 branch of the dungeon, and saw 3 of its levels.

You collected 99 gold pieces.

Inventory:

Hand Weapons
 a - a +0 quarterstaff (weapon)
Missiles
 d - 3 throwing nets (quivered)
Armour
 b - a +0 leather armour
 c - a +0 helmet (worn)
 j - a +3 ring mail (worn)
Jewellery
 p - a cursed ring of teleportation {unknown}
Scrolls
 f - a scroll of teleportation {unknown}
 g - a scroll of remove curse {unknown}
 h - a scroll of magic mapping {unknown}
 l - a scroll of identify {unknown}
Potions
 k - a potion of heal wounds {unknown}
 n - a potion of cure mutation {unknown}
 o - a potion of magic {unknown}
Comestibles
 e - 3 bread rations
 i - a slice of pizza
 m - 4 fruits
 q - a chunk of flesh


   Skills:
 + Level 3.1 Fighting
 * Level 3.8 Staves
 - Level 1.7 Throwing
 + Level 2.0 Armour
 + Level 2.9 Dodging


You had 3 spell levels left.
You didn't know any spells.

Dungeon Overview and Level Annotations

Branches:
Dungeon (3/15)

Altars:
Nemelex Xobeh
The Shining One

Annotations:
D:3 septik's ghost, amateur GrGl


Innate Abilities, Weirdness & Mutations

You are resistant to torment.
Your stone body is resilient (AC +3).
You are immune to poison.
You resist negative energy.
You are resistant to electric shocks.
You can survive without breathing.
You are immune to petrification.
You are immune to rotting.


Message History

You are too injured to fight recklessly!
You are too injured to fight recklessly!
You are too injured to fight recklessly!
You are too injured to fight recklessly!
You are too injured to fight recklessly!
You are too injured to fight recklessly!
You are too injured to fight recklessly!
You are too injured to fight recklessly!
You are too injured to fight recklessly!
You are too injured to fight recklessly!
You are too injured to fight recklessly!
You are too injured to fight recklessly!
You are too injured to fight recklessly!
You are too injured to fight recklessly!
You are too injured to fight recklessly!
You hit the orc priest.
The orc priest is lightly wounded.
The orc priest mumbles some strange prayers to Beogh against you.
Pain shoots through your body!
You die...

#.# #.#
#.# #.#
#.# #.#
#.#
#.######..
#.@os.....
#######...


You could see an orc priest and a giant cockroach.

Vanquished Creatures
  Ijyb (D:2)
  A gnoll (D:3)
  An adder (D:3)
  3 giant geckos
  3 orcs
  A ball python (D:1)
  3 bats
  5 giant cockroaches
  3 goblins
  8 hobgoblins
  4 kobolds
  A giant newt (D:2)
  3 quokkas (D:2)
  8 rats
45 creatures vanquished.

Notes
Turn   | Place    | Note
--------------------------------------------------------------
     0 | D:1      | septik the Gargoyle Gladiator began the quest for the Orb.
     0 | D:1      | Reached XP level 1. HP: 12/12 MP: 1/1
   305 | D:1      | Found a glowing golden altar of the Shining One.
   329 | D:1      | Reached XP level 2. HP: 18/18 MP: 2/2
   553 | D:1      | Reached skill level 1 in Armour
   872 | D:1      | Reached XP level 3. HP: 22/22 MP: 3/3
  1041 | D:2      | Found a sparkling altar of Nemelex Xobeh.
  1605 | D:2      | Noticed Ijyb
  1619 | D:2      | Killed Ijyb
  1619 | D:2      | Reached XP level 4. HP: 27/27 MP: 4/4
  1673 | D:3      | Noticed septik's ghost (amateur GrGl)
  2152 | D:3      | Killed from afar by an orc priest

Action                   |  1- 3 |  4- 6 || total
-------------------------+-------+-------++-------
Melee: Quarterstaff      |   109 |    58 ||   167
  Eat: Chunk             |     1 |     3 ||     4
